 Dungeon Crawl Stone Soup version 0.30-a0-553-g7fabdf1491 (webtiles) character file.

Game seed: 3901094715573708078

214 hikkokomori the Trooper (level 5, -1/35 HPs)
             Began as a Gargoyle Monk on Dec 27, 2022.
             Constricted to death by Ijyb (6 damage)
             ... on level 4 of the Dungeon.
             The game lasted 00:06:23 (2010 turns).

hikkokomori the Trooper (Gargoyle Monk)             Turns: 2010, Time: 00:06:24

Health: -1/35      AC:  9    Str: 14    XL:     5   Next: 92%
Magic:  0/5        EV: 10    Int: 20    God:
Gold:   173        SH:  0    Dex: 24    Spells: 4/4 levels left

rFire   + . .      SeeInvis .    a - +0 falchion
rCold   . . .      Faith    .    (no shield)
rNeg    + . .      Spirit   +    l - +0 robe of Anarchy {Fly Int+3 Dex+10}
rPois   ∞          Reflect  .    v - +0 helmet
rElec   +          Harm     .    p - +0 cloak
rCorr   +          Rampage  .    q - +0 pair of gloves
Will    .....                    (no boots)
Stlth   +++                      m - amulet "Waxome" {Spirit rF+ rCorr}
HPRegen 0.25/turn                u - +6 ring of intelligence
MPRegen 0.09/turn                (no ring)

@: mighty, grasped by roots, flying, constricted
A: sickness immunity, AC +4, negative energy resistance 1, electricity
resistance, torment resistance 1, petrification resistance
a: no special abilities


You were on level 4 of the Dungeon.
You visited 1 branch of the dungeon, and saw 4 of its levels.

You collected 173 gold pieces.

Inventory:

Hand Weapons
 a - a +0 falchion (weapon)
Armour
 b - a +0 robe
 l - the +0 robe of Anarchy (worn) {Fly Int+3 Dex+10}
   (You found it on level 2 of the Dungeon)

   Int:       It affects your intelligence (+3).
   Dex:       It affects your dexterity (+10).
   Fly:       It grants you flight.
 p - a +0 cloak (worn)
 q - a +0 pair of gloves (worn)
 v - a +0 helmet (worn)
Jewellery
 g - a ring of ice
 m - the amulet "Waxome" (around neck) {Spirit rF+ rCorr}
   (You found it on level 2 of the Dungeon)

   [amulet of guardian spirit]

   It causes incoming damage to be divided between your reserves of health and
   magic.
   rF:        It protects you from fire.
   rCorr:     It protects you from acid and corrosion.
 u - a +6 ring of intelligence (left hand)
Scrolls
 e - 3 scrolls of teleportation {unknown}
 f - a scroll of enchant weapon {unknown}
 h - 2 scrolls of fear {unknown}
 i - a scroll of enchant armour {unknown}
 j - 2 scrolls of immolation {unknown}
 n - a scroll of noise {unknown}
 r - a scroll of magic mapping {unknown}
 s - 2 scrolls of identify {unknown}
Potions
 c - a potion of ambrosia
 d - 2 potions of curing
 k - a potion of mutation {unknown}
 o - a potion of heal wounds {unknown}
 t - a potion of lignification {unknown}
 w - a potion of might


   Skills:
 + Level 5.0 Fighting
 + Level 4.1 Long Blades
 - Level 2.4 Dodging
 + Level 3.7 Stealth


You had 4 spell levels left.
You didn't know any spells.
Your spell library contained the following spells:

 Spells                   Type           Power      Damage    Failure   Level
 Dazzling Flash           Conj/Hex       0%         N/A       50%         3
 Ignite Poison            Fire/Tmut/Pois 0%         N/A       50%         3
 Kindle Blastsparks       Fire/Tloc/Air  0%         2d10      50%         3
 Agony                    Necr           0%         N/A       99%         5
 Freezing Cloud           Conj/Ice/Air   0%         6-21      99%         5
 Silence                  Hex/Air        0%         N/A       99%         5
 Yara's Violent Unravell  Hex/Tmut       0%         3d3       99%         5
 Enfeeble                 Hex            0%         N/A       100%        7


Dungeon Overview and Level Annotations

Branches:
Dungeon (4/15)
 Temple: D:4-7

Altars:
Vehumet

Shops:
D:2 *

Annotations:
D:4 Ijyb


Innate Abilities, Weirdness & Mutations

You are immune to sickness and miasma.
Your stone body is resilient. (AC +4)
You are immune to poison.
You resist negative energy. (rN+)
You are resistant to electric shocks. (rElec)
You are resistant to unholy torment.
You are immune to petrification.


Message History

You hit Ijyb but do no damage.
Ijyb is severely wounded.
Ijyb zaps a wand.
The roots erupt in riotous growth!
The grasping roots grab you!
Ijyb is unaffected.
The grasping roots constrict you.
Ijyb hits you with a +3 dagger of speed!
The grasping roots constrict you.
* * * LOW HITPOINT WARNING * * *
You hit Ijyb but do no damage.
Ijyb is severely wounded.
Ijyb screams, "Me very upset!"
Ijyb closely misses you. The grasping roots constrict you.
You hit Ijyb but do no damage.
Ijyb is severely wounded.
Ijyb hits you but does no damage. The grasping roots constrict you.
* * * LOW HITPOINT WARNING * * *
Ijyb barely misses you. The grasping roots constrict you.
* * * LOW HITPOINT WARNING * * *
The grasping roots release their grip on you.
You feel better. Ijyb hits you but does no damage.
You barely miss Ijyb.
Ijyb is severely wounded.
Ijyb zaps a wand.
The roots erupt in riotous growth!
The grasping roots grab you!
Ijyb is unaffected.
The grasping roots constrict you.
* * * LOW HITPOINT WARNING * * *
Ijyb hits you but does no damage. The grasping roots constrict you.
* * * LOW HITPOINT WARNING * * *
Unknown command.
You feel better. Ijyb closely misses you. The grasping roots constrict you.
* * * LOW HITPOINT WARNING * * *
It was a potion of might.
You feel very mighty all of a sudden. Ijyb hits you but does no damage.
The grasping roots constrict you.
* * * LOW HITPOINT WARNING * * *
Ijyb completely misses you. The grasping roots constrict you.
You hit Ijyb but do no damage.
Ijyb is severely wounded.
Ijyb hits you but does no damage. The grasping roots constrict you.
You die...

.$.. ..... ...⌠.. ###
...... ###.. ....
###....##8. #......g.##
#.. #..@..##
#...#.)....# .......
#.......# .......
#.......### #......
#..##.....# ###......
####.....####........
##.......#...........
#...............†...$
####...................


You could see Ijyb.

Vanquished Creatures
  A scorpion (D:4)
  A hound (D:4)
  Robin (D:3)
  3 adders (D:3)
  A worm (D:2)
  4 dart slugs
  2 orcs
  6 endoplasms
  3 giant cockroaches
  11 goblins
  10 hobgoblins
  8 kobolds
  3 quokkas
  5 ball pythons
  3 bats
  6 frilled lizards
  6 rats
74 creatures vanquished.

Notes
Turn   | Place    | Note
-------+----------+-------------------------------------------
     0 | D:1      | hikkokomori the Gargoyle Monk began the quest for the Orb.
     0 | D:1      | Reached XP level 1. HP: 14/14 MP: 1/1
    46 | D:1      | Reached XP level 2. HP: 18/19 MP: 2/2
   182 | D:1      | Reached XP level 3. HP: 23/24 MP: 3/3
   231 | D:1      | Reached skill level 4 in Fighting
   595 | D:2      | Found Achocij's General Store.
   626 | D:2      | Identified the +0 robe of Anarchy {Fly Int+3 Dex+10}
   723 | D:2      | Found a radiant altar of Vehumet.
   723 | D:2      | Identified the amulet "Waxome" {Spirit rF+ rCorr}
   849 | D:2      | Reached XP level 4. HP: 25/29 MP: 4/4
  1571 | D:3      | Noticed Robin
  1621 | D:3      | Killed Robin
  1859 | D:3      | Reached XP level 5. HP: 31/34 MP: 5/5
  1958 | D:4      | Reached skill level 5 in Fighting
  1990 | D:4      | Noticed Ijyb
  2007 | D:4      | HP: 1/35 [constriction (3)]
  2010 | D:4      | Constricted to death by Ijyb

Illustrated notes

Levels and vault maps discovered:
D:1:      lemuel_arrival_hallway, layout_rooms
D:2:      layout_basic, basic_altar, serial_shops, nicolae_shop_crystal,
          st_stairs_5
D:3:      layout_rooms, kennysheep_generic_room_3, uniq_robin
D:4:      layout_cave_pools, minmay_temple_entry_fiery, serial_column_ruins,
          column_ruins_square_medium, column_ruins_hut_ruined,
          column_ruins_grid_4, column_ruins_grid_3,
          column_ruins_corridor_corner, column_ruins_open_tiny,
          column_ruins_columns_corner, uniq_ijyb, uniq_pikel

Skill      XL: |  1  2  3  4  5 |
---------------+----------------+-----
Long Blades    | 3 4 |  4.1
Fighting       | 4 5 |  5.0
Stealth        | 3 |  3.7
Dodging        | |  2.4

Action                   |  1- 3 |  4- 6 || total
-------------------------+-------+-------++-------
Melee: Falchion          |   136 |   115 ||   251
       Punch             |     1 |     1 ||     2
  Use: Potion            |       |     4 ||     4
 Stab: Sleeping          |     1 |     6 ||     7
Armor: Robe              |    49 |    43 ||    92
Dodge: Dodged            |    96 |    82 ||   178

Table legend: (Time is in decaauts)
 A = Elapsed time spent in this place.
 B = Non-inter-level travel time spent in this place.
 C = Inter-level travel time spent in this place.
 D = Time resting spent in this place.
 E = Time spent auto-exploring this place.
 F = Levels seen in this place.
 G = Mean time per level.
                   A        B        C        D        E       F      G
               +--------+--------+--------+--------+--------+-----+--------+
         Total |   2040 |   1907 |    133 |      0 |   1311 |   4 |  510.0 |
       Dungeon |   2040 |   1907 |    133 |      0 |   1311 |   4 |  510.0 |
               +--------+--------+--------+--------+--------+-----+--------+

Top non-repeatable levels by time:
     D:2: 831 daAuts
     D:1: 563 daAuts
     D:3: 551 daAuts
     D:4: 94 daAuts
